 Dungeon Crawl Stone Soup version 0.28.0-53-g5a82cb258f (webtiles) character file.

Game seed: 10442492371089032923

679187 crawlogic the Impregnable (level 27, -3/274 HPs)
             Began as a Deep Dwarf Fighter on July 14, 2022.
             Was a High Priest of Jiyva.
             Slain by an Executioner (15 damage)
             ... summoned by Gloorx Vloq
             ... in Pandemonium.
             The game lasted 02:53:31 (53184 turns).

crawlogic the Impregnable (Deep Dwarf Fighter)     Turns: 53184, Time: 02:53:32

Health: -3/274     AC: 48    Str: 33    XL:     27
Magic:  17/19      EV: 22    Int: 16    God:    Jiyva [*****.]
Gold:   4766       SH: 19    Dex: 14    Spells: 26/26 levels left

rFire   + + .      SeeInvis .   H - +10 broad axe of Ylu Vyli {vorpal, Dex+2}
rCold   + + +      Faith    +   P - +2 shield of Resistance {rF++ rC++ Will++}
rNeg    + + .      Spirit   .   C - +15 Maxwell's patent armour {-Cast -Tele rElec Will+ rCorr}
rPois   .          Reflect  .   (no helmet)
rElec   +          Harm     .   X - +2 cloak {Stlth+}
rCorr   +          Rampage  .   (no gloves)
Will    +++++      NoTele   +   W - +1 pair of boots {Stlth+}
Stlth   ++++...... NoCast   +   a - amulet "Ytwizom" {Faith Int+8}
HPRegen 1.44/turn               F - ring "Xiusest" {rElec rN+ rCorr}
MPRegen 0.61/turn               K - ring "Laalen" {rC++ rCorr AC+4 Int-2 Stlth+}

@: lethally poisoned (-3 -> -3), slimy, slowed, studying 2 skills, very slow
A: damage resistance, heal wounds, negative energy resistance 1, sense
surroundings 3, no regeneration, talons 1, deterioration 1, low MP 1, MP-powered
wands, sturdy frame 3
}: 5/15 runes: decaying, serpentine, slimy, silver, abyssal
a: Heal Wounds, Renounce Religion, Oozemancy, Slimify


You were in Pandemonium.
You worshipped Jiyva.
Jiyva was extremely pleased with you.
You visited 11 branches of the dungeon, and saw 52 of its levels.
You visited Pandemonium 1 time, and saw 2 of its levels.
You visited the Abyss 1 time.
You also visited: Gauntlet, Ice Cave and Wizlab.

You collected 6796 gold pieces.
You spent 2030 gold pieces at shops.

Inventory:

Hand Weapons
 H - the +10 broad axe of Ylu Vyli (weapon) {vorpal, Dex+2}
   (You found it on level 14 of the Dungeon)

   It inflicts extra damage upon your enemies.
   Dex:       It affects your dexterity (+2).
Armour
 z - the +2 pair of gloves of Bad Feelings {rC+ Str+8 Dex-3}
   (You acquired it in a wizard's laboratory)

   Str:       It affects your strength (+8).
   Dex:       It affects your dexterity (-3).
   rC:        It protects you from cold.
 C - the +15 Maxwell's patent armour (worn) {-Cast -Tele rElec Will+ rCorr}
   (You found it on level 3 of the Elven Halls)

   rElec:     It insulates you from electricity.
   -Cast:     It prevents spellcasting.
   -Tele:     It prevents most forms of teleportation.
   rCorr:     It protects you from acid and corrosion.
   Will:      It increases your willpower.
 P - the +2 shield of Resistance (worn) {rF++ rC++ Will++}
   (You found it on level 3 of the Crypt)

   rF:        It greatly protects you from fire.
   rC:        It greatly protects you from cold.
   Will:      It greatly increases your willpower.
 W - a +1 pair of boots of stealth (worn)
 X - a +2 cloak of stealth (worn)
Jewellery
 a - the amulet "Ytwizom" (around neck) {Faith Int+8}
   (You found it on level 5 of the Pits of Slime)

   [amulet of faith]

   It allows you to gain divine favour quickly.
   Int:       It affects your intelligence (+8).
 l - a ring of protection from fire
 A - a ring of willpower
 F - the ring "Xiusest" (left hand) {rElec rN+ rCorr}
   (You took it off a deep elf death mage on level 3 of the Elven Halls)

   [ring of positive energy]

   rElec:     It insulates you from electricity.
   rN:        It protects you from negative energy.
   rCorr:     It protects you from acid and corrosion.
 K - the ring "Laalen" (right hand) {rC++ rCorr AC+4 Int-2 Stlth+}
   (You found it on level 3 of the Elven Halls)

   [ring of protection]

   AC:        It affects your AC (+4).
   Int:       It affects your intelligence (-2).
   rC:        It greatly protects you from cold.
   rCorr:     It protects you from acid and corrosion.
   Stlth:     It makes you more stealthy.
 Q - a +4 ring of evasion
Wands
 b - a wand of iceblast (33)
 s - a wand of flame (66)
 G - a wand of paralysis (18)
 L - a wand of digging (27)
 M - a wand of mindburst (27)
 O - a wand of acid (18)
 Y - a wand of polymorph (14)
Scrolls
 f - 2 scrolls of enchant armour
 i - 4 scrolls of fear
 n - 3 scrolls of silence
 v - 10 scrolls of fog
 x - 16 scrolls of teleportation
 B - a scroll of holy word
 D - 5 scrolls of enchant weapon
 J - a scroll of summoning
 N - 3 scrolls of magic mapping
 R - a scroll of acquirement
 T - 5 scrolls of blinking
Potions
 c - 4 potions of flight
 d - 9 potions of might
 e - a potion of attraction
 g - 6 potions of haste
 h - a potion of heal wounds
 k - 2 potions of resistance
 m - 5 potions of ambrosia
 o - 6 potions of magic
 p - a potion of mutation
 q - 2 potions of berserk rage
 r - 10 potions of curing
 t - 2 potions of invisibility
 w - 7 potions of lignification
 Z - a potion of cancellation
Miscellaneous
 S - a condenser vane
 U - a lightning rod (4/4)


   Skills:
 + Level 21.4 Fighting
 - Level 23.0 Axes
 + Level 26.3 Armour
 + Level 24.6 Dodging
 - Level 6.6 Stealth
 + Level 26.1 Shields
 - Level 11.2 Evocations


You had 26 spell levels left.
You didn't know any spells.
Your spell library contained the following spells:

 Spells                   Type           Power      Damage    Failure   Level
 Animate Skeleton         Necr           0%         N/A       36%         1
 Apportation              Tloc           0%         N/A       36%         1
 Beastly Appendage        Tmut           0%         N/A       36%         1
 Foxfire                  Conj/Fire      0%         2x1d4     36%         1
 Freeze                   Ice            0%         1d3       36%         1
 Pain                     Necr           0%         1d4       36%         1
 Sandblast                Erth           0%         2d4       36%         1
 Shock                    Conj/Air       0%         1d3       36%         1
 Sting                    Tmut/Pois      0%         1d3       36%         1
 Summon Small Mammal      Summ           0%         N/A       36%         1
 Blink                    Tloc           0%         N/A       52%         2
 Corpse Rot               Necr/Air       0%         N/A       52%         2
 Ensorcelled Hibernation  Hex/Ice        0%         N/A       52%         2
 Passwall                 Tmut/Erth      0%         N/A       52%         2
 Poisonous Vapours        Pois/Air       0%         N/A       52%         2
 Static Discharge         Conj/Air       0%         N/A       52%         2
 Sublimation of Blood     Necr           0%         N/A       52%         2
 Wereblood                Tmut           0%         N/A       52%         2
 Call Canine Familiar     Summ           0%         N/A       75%         3
 Confusing Touch          Hex            0%         N/A       75%         3
 Conjure Flame            Conj/Fire      0%         6-21      75%         3
 Frozen Ramparts          Ice            0%         1d2       75%         3
 Gell's Gravitas          Tloc           0%         N/A       75%         3
 Ignite Poison            Fire/Tmut/Pois 0%         N/A       75%         3
 Lesser Beckoning         Tloc           0%         N/A       75%         3
 Ozocubu's Armour         Ice            0%         N/A       75%         3
 Portal Projectile        Hex/Tloc       0%         N/A       75%         3
 Spider Form              Tmut/Pois      0%         N/A       75%         3
 Stone Arrow              Conj/Erth      0%         3d7       75%         3
 Summon Guardian Golem    Hex/Summ       0%         N/A       75%         3
 Swiftness                Air            0%         N/A       75%         3
 Teleport Other           Tloc           0%         N/A       75%         3
 Airstrike                Air            0%         N/A       98%         4
 Anguish                  Hex/Necr       0%         N/A       98%         4
 Animate Armour           Summ/Erth      0%         N/A       98%         4
 Animate Dead             Necr           0%         N/A       98%         4
 Dispel Undead            Necr           0%         3d6       98%         4
 Hailstorm                Conj/Ice       0%         3d3       98%         4
 Ice Form                 Ice/Tmut       0%         N/A       98%         4
 Leda's Liquefaction      Hex/Erth       0%         N/A       98%         4
 Olgreb's Toxic Radiance  Pois           0%         N/A       98%         4
 Petrify                  Tmut/Erth      0%         N/A       98%         4
 Sticky Flame             Conj/Fire      0%         2d3       98%         4
 Summon Ice Beast         Ice/Summ       0%         N/A       98%         4
 Agony                    Necr           0%         N/A       100%        5
 Alistair's Intoxication  Tmut/Pois      0%         N/A       100%        5
 Borgnjor's Vile Clutch   Necr/Erth      0%         N/A       100%        5
 Excruciating Wounds      Necr           0%         N/A       100%        5
 Manifold Assault         Tloc           0%         N/A       100%        5
 Summon Forest            Summ/Tloc      0%         N/A       100%        5
 Yara's Violent Unravell  Hex/Tmut       0%         3d3       100%        5
 Conjure Ball Lightning   Conj/Air       0%         3x3d6     100%        6
 Simulacrum               Ice/Necr       0%         N/A       100%        6
 Starburst                Conj/Fire      0%         6d3       100%        6
 Enfeeble                 Hex            0%         N/A       100%        7
 Monstrous Menagerie      Summ           0%         N/A       100%        7
 Orb of Destruction       Conj           0%         9d5       100%        7
 Ozocubu's Refrigeration  Ice            0%         4d5       100%        7
 Spellforged Servitor     Conj/Summ      0%         N/A       100%        7
 Storm Form               Tmut/Air       0%         N/A       100%        7
 Summon Hydra             Summ           0%         N/A       100%        7
 Borgnjor's Revivificati  Necr           0%         N/A       100%        8
 Maxwell's Capacitive Co  Air            0%         ∞         100%        8
 Summon Horrible Things   Summ           0%         N/A       100%        8
 Fire Storm               Conj/Fire      0%         5d1       100%        9


Dungeon Overview and Level Annotations

Branches:
Dungeon (15/15)            Temple (0/1) D:5            Lair (6/6) D:10
  Swamp (4/4) Lair:3        Snake (4/4) Lair:2        Slime (5/5) Lair:5
    Orc (2/2) D:9             Elf (3/3) Orc:2        Vaults (5/5) D:14
  Crypt (3/3) Vaults:3       Tomb (1/3) Crypt:3      Depths (4/4) D:15
    Zot (0/5) Depths:4      IceCv (visited)          WizLab (visited)
Gauntlet (visited)

Altars:
Cheibriados
Dithmenos
Elyvilon
Hepliaklqana
Kikubaaqudgha
Makhleb
Okawaru
Qazlal
Trog
Zin
The Shining One
Beogh
Jiyva
Lugonu

Shops:
D:7 (   D:12 *   Orc:2 =??:   Snake:1 [!   Snake:3 *   Vaults:2 ?
Vaults:4 ?((   Depths:1 =:=(

Portals:
Hell: Lair:6 Depths:1 Depths:2 Depths:3 Depths:4
Abyss: D:12 Depths:2 Depths:3 Depths:4
Pandemonium: Depths:1 Depths:2 Depths:3 Depths:4
Ziggurat: Depths:2
Trove: Vaults:3 (give 2 scrolls of acquirement)

Annotations:
D:14 exclusion: obsidian statue
Slime:3 Dissolution
Slime:5 Royal Jelly
Pan Gloorx Vloq


Innate Abilities, Weirdness & Mutations

You are resistant to damage.
You can heal yourself by infusing magical energy.
You resist negative energy. (rN+)
You passively map a large area around you.
You do not regenerate.
You have sharp toenails.
Your body sometimes deteriorates upon taking damage.
Your magical capacity is low. (-10% MP)
You expend magic power (3 MP) to strengthen your wands.
Your movements are significantly less encumbered by armour. (ER -6)


Message History

The walls burn the Executioner!
The Executioner gestures.
The Executioner seems to speed up.
The wall burns the Executioner! x2
The Executioner gestures.
The Executioner seems to speed up.
The walls burn the soul eater!
Gloorx Vloq gestures at you. The foul vapour engulfs you!
You are lethally poisoned!
* * * LOW HITPOINT WARNING * * *
The walls burn the Executioner!
The Executioner hits you but does no damage.
The Executioner completely misses you. x2; The wall burns the demonic crawler!
You kill the demonic crawler!
The walls burn the demonic crawler!
The demonic crawler shrieks in warning!
The walls burn the Executioner! x2; The walls burn the soul eater!
Unknown command.
Unknown command.
Unknown command.
You feel better.
You are engulfed in dark miasma.
You are poisoned.
You stop calling forth ooze.
You block the Executioner's attack. x3
The Executioner hits you but does no damage.
You block the Executioner's attack. x3
The Executioner hits you but does no damage.
The Executioner misses you.
The Executioner hits you but does no damage.
The Executioner completely misses you. x2
Gloorx Vloq hits you but does no damage.
The Executioner completely misses you. x2
The Executioner hits you but does no damage.
The Executioner misses you.
The Executioner hits you but does no damage.
The Executioner completely misses you.
Gloorx Vloq calls on the powers of darkness!
Your body is wracked with pain!
* * * LOW HITPOINT WARNING * * *
The Executioner hits you!
You die... ####....#, ,, ,, .....##.n# ####.#..### , ..., #XzW.

...#..#...# . #..W#
..##.^....# *** #..#.
...#..#...# * ,, #....
####.#....# * #..#. #......# *
*#...#
#.#....###################.§..
#..#.......11@..s.......§....#
#...........1&1..........§.§#.
#..#.#...#.#.3.#.#...#.#...#..
#.#...#.#...#§#§..#.#...#.#...
#.............................
##############################


You could see Gloorx Vloq, 4 Executioners, a soul eater and a demonic crawler
(catching breath).

Vanquished Creatures
  A pandemonium lord (Pan)
  2 dread liches
  An ancient lich (Vaults:5)
  A juggernaut (Depths:3)
  Mennas (Crypt:1)
  5 royal mummies
  Sojobo (Depths:3)
  Boris (twice) (Tomb:1 Depths:4)
  Frederick (Crypt:1)
  Vashnia (Snake:4)
  Bai Suzhen (Swamp:4)
  Saint Roka (Depths:1)
  Xtahua (Crypt:2)
  The ghost of Bunoc the Executioner, a veteran FoFi of Dithmenos (Crypt:3)
  10 caustic shrikes
  6 golden dragons
  Nikola (Swamp:2)
  the Enchantress (Depths:4)
  10 bone dragons
  2 profane servitors (Abyss:4)
  6 liches
  3 tentacled monstrosities
  A shard shrike skeleton (Crypt:1)
  A Hell Sentinel (Abyss:2)
  3 walking crystal tomes (Depths:3)
  5 titans (Vaults:5)
  4 deep elf blademasters
  A walking earthen tome (Depths:3)
  2 walking divine tomes
  5 deep elf master archers (Elf:3)
  2 walking frostbound tomes (Depths:3)
  23 Executioners
  19 sphinxes
  Gastronok (Lair:3)
  5 ancient champions (Crypt:3)
  A thorn hunter (Swamp:2)
  Kirke (Swamp:4)
  3 shadow dragons
  Donald (Crypt:1)
  11 tengu reavers
  A revenant (Crypt:3)
  Agnes (Elf:2)
  23 tentacled starspawn
  11 fire giants
  5 storm dragons
  5 fenstrider witches
  19 nagarajas
  8 deep elf sorcerers
  12 frost giants
  A demonspawn warmonger (Pan)
  3 iron dragons
  A balrug (Abyss:3)
  3 orc warlords
  27 vault wardens
  25 ironbound preservers
  6 curse skulls
  2 angels
  A draconian scorcher (Depths:4)
  3 deep elf elementalists
  5 ghouls
  A draconian annihilator (Abyss:3)
  7 cacodemons
  7 ironbound thunderhulks
  12 spriggan defenders
  32 very ugly things
  3 reapers
  5 demonspawn corrupters
  3 war gargoyles
  A caustic shrike skeleton (Crypt:3)
  Nessos (D:12)
  3 demonspawn black suns (Pan)
  A demonspawn blood saint (Pan)
  4 vampire knights
  A juggernaut skeleton (Crypt:3)
  10 stone giants
  A black draconian (Depths:4)
  5 dire elephants
  2 ophanim (Abyss:3)
  4 bunyips
  4 deep elf demonologists
  5 green draconians
  A red draconian (Depths:4)
  5 deep elf annihilators
  7 lorocyprocas
  A minotaur (Gauntlet)
  An eleionoma (Swamp:3)
  10 spark wasps
  A yellow draconian (Depths:4)
  A purple draconian (Depths:4)
  2 white draconians
  4 entropy weavers
  5 blizzard demons
  5 eidola
  The ghost of BraveToast the Basher, a journeyman FoFi of Qazlal (D:12)
  8 deep elf death magi
  Josephine (Orc:2)
  A crystal guardian (D:12)
  3 jiangshi (Crypt:3)
  A merfolk impaler (Orc:1)
  7 mummy priests
  17 ettins
  11 fire dragons
  5 green deaths
  25 yaktaur captains
  8 rakshasas
  8 deep elf high priests
  Fannar (Lair:2)
  2 juggernaut simulacra (Abyss:4)
  4 salamander tyrants (Snake:4)
  13 naga warriors
  45 vault guards
  3 caustic shrike simulacra (IceCv)
  2 hell beasts
  Erolcha (D:11)
  8 ice dragons
  19 hydras
  6 spriggan air magi
  3 ghost crabs
  A peacekeeper (Vaults:4)
  5 spriggan skeletons
  8 centaur warriors
  A catoblepas (D:14)
  8 ironbound frosthearts
  5 boulder beetles
  5 ogre magi
  4 alligators
  3 death knights
  The ghost of Xelitey Juot the Cleaver, a novice MiFi of Cheibriados (Orc:1)
  8 anacondas
  6 two-headed ogres
  A merfolk aquamancer (WizLab)
  31 dancing weapons
  6 tengu warriors
  39 thrashing horrors
  8 deep troll shamans
  18 death yaks
  9 deep troll earth magi
  8 hell hogs
  A titan zombie (Crypt:2)
  9 vampire magi
  An orc high priest (Orc:2)
  12 spriggan berserkers
  22 wretched stars
  18 deep elf knights
  7 hell knights
  7 shock serpents
  20 soul eaters
  5 iron trolls
  18 naga sharpshooters
  11 sixfirhies
  17 sun demons
  2 titan skeletons
  4 goliath frogs
  A salamander mystic (Snake:3)
  5 spatial maelstroms
  72 deep trolls
  10 shadow wraiths
  53 skeletal warriors
  An anaconda zombie (Abyss:2)
  7 spriggan druids
  A death drake (Swamp:4)
  10 flayed ghosts
  An entropy weaver zombie (Crypt:3)
  4 shadow demons
  5 bog bodies
  3 obsidian statues
  17 ironbound convokers
  11 deep elf archers
  2 bunyip skeletons (Crypt:3)
  2 naga ritualists
  6 lindwurms
  2 swamp dragons
  19 wizards
  8 orc knights
  30 deep elf zephyrmancers
  2 anaconda skeletons
  An iron giant skeleton (Crypt:3)
  13 phantasmal warriors
  23 deep elf pyromancers
  5 mana vipers
  A human zombie (Vaults:4)
  3 harpies (Vaults:4)
  11 salamanders
  9 necromancers
  8 orc sorcerers
  A wolf spider (Vaults:4)
  48 ugly things
  A frost giant zombie (Vaults:4)
  12 elephants
  2 manticores
  4 will-o-the-wisps
  11 worldbinders
  A stone giant zombie (Crypt:2)
  A water nymph (WizLab)
  27 black mambas
  6 guardian serpents
  4 rust devils
  8 cyclopes
  29 smoke demons
  28 vault sentinels
  A stone giant skeleton (Tomb:1)
  5 apocalypse crabs
  5 torpor snails (Lair:6)
  6 molten gargoyles
  19 naga magi
  2 dire elephant skeletons
  Joseph (D:8)
  An orc zombie (Abyss:3)
  20 cane toads
  A cane toad (shapeshifter) (D:13)
  10 orange demons
  3 centaur skeletons (Crypt:3)
  An unseen horror (shapeshifter) (D:14)
  11 demonic crawlers
  A yaktaur zombie (Vaults:1)
  An elephant slug zombie (Crypt:3)
  5 unseen horrors
  A black draconian zombie (Crypt:1)
  An alligator snapping turtle skeleton (Crypt:3)
  A tormentor (Abyss:4)
  44 yaktaurs
  A yaktaur (shapeshifter) (D:13)
  A kobold demonologist (D:14)
  14 freezing wraiths
  12 komodo dragons
  2 tengu conjurers
  5 ice devils
  A rime drake (shapeshifter) (Abyss:3)
  3 rime drakes
  3 efreet
  4 hellions
  5 red devils
  3 golden dragon simulacra (IceCv)
  15 guardian mummies
  26 ancient zymes
  15 hellwings
  A silent spectre (Abyss:3)
  2 harpy zombies
  A queen bee (Abyss:4)
  3 polar bears
  An iron troll skeleton (Crypt:3)
  10 trolls
  9 tyrant leeches
  11 hornets
  5 meliai (Abyss:4)
  2 tarantellas
  3 harpy skeletons
  A satyr zombie (Crypt:2)
  A fire dragon zombie (Crypt:2)
  A sphinx simulacrum (Vaults:1)
  25 blink frogs
  A hydra skeleton (Crypt:3)
  68 raiju
  An elf zombie (Vaults:1)
  16 dream sheep
  3 centaur simulacra
  3 air elementals
  A shapeshifter (Abyss:3)
  A culicivora (Vaults:1)
  53 starcursed masses
  3 shadows
  A jumping spider (Vaults:1)
  4 wyverns
  An ice dragon skeleton (Crypt:3)
  4 vampires
  15 wraiths
  21 ynoxinuls
  9 flying skulls (Crypt:3)
  52 yaks
  2 ettin skeletons (Pan)
  6 hogs (Swamp:4)
  16 spriggans
  A satyr skeleton (Crypt:1)
  A water elemental (Depths:1)
  A yak (shapeshifter) (Depths:3)
  2 fire elementals
  20 humans (D:14)
  A black mamba skeleton (Pan)
  An ushabti (Tomb:1)
  10 basilisks
  70 large abominations
  13 neqoxecs
  2 wargs (Orc:2)
  A steam dragon (D:6)
  15 chaos spawn
  3 redbacks
  16 swamp worms
  An acid dragon (D:9)
  34 nagas
  6 spatial vortices
  An ogre zombie (Vaults:1)
  4 hydra simulacra (IceCv)
  12 hell hounds
  A deep troll skeleton (Pan)
  A faun skeleton (Crypt:3)
  A water moccasin (shapeshifter) (Abyss:4)
  22 water moccasins
  3 black bears
  2 ice beasts
  3 naga skeletons
  60 orc warriors
  2 sky beasts (D:6)
  3 boggarts (Vaults:3)
  16 wolves
  45 small abominations
  A swamp drake (Swamp:1)
  3 ettin simulacra (IceCv)
  A hog zombie (Crypt:2)
  9 ogres
  3 centaurs (D:11)
  A phantom (D:4)
  A human skeleton (Vaults:4)
  3 kobold brigands
  3 earth elementals
  2 salamander zombies
  12 bullfrogs
  6 gnoll sergeants
  2 scorpions
  A deep troll simulacrum (IceCv)
  A hornet simulacrum (Gauntlet)
  2 spriggan zombies
  2 jellies
  2 howler monkeys
  A crimson imp (Abyss:4)
  5 lava snakes (Lair:4)
  A bullfrog zombie (D:5)
  2 quasits
  2 centaur zombies
  A black bear zombie (Crypt:3)
  2 gnoll shamans
  2 hounds
  3 iron imps
  15 orc priests
  5 iguanas
  21 orc wizards
  A scorpion zombie (Crypt:2)
  5 hell rats (Lair:6)
  A hound zombie (Crypt:3)
  A hound skeleton (D:5)
  20 mummies
  2 howler monkey zombies
  Robin (D:3)
  20 gnolls
  5 adders
  A steam dragon skeleton (Crypt:1)
  2 white imps
  4 ufetubi
  An iguana skeleton (Crypt:1)
  88 orcs
  6 ball pythons
  4 bats
  A bat skeleton (Crypt:1)
  2 endoplasms (D:2)
  2 giant cockroaches (D:2)
  13 goblins
  15 hobgoblins
  4 jackals (D:3)
  5 quokkas
  2 frilled lizards
  10 kobolds
  A quokka skeleton (D:4)
  3 rats
  A river rat skeleton (Crypt:3)
  2 bushes (Abyss:4)
  A butterfly (Lair:4)
  A fire vortex (Depths:1)
  3 lurking horrors
  32 starspawn tentacles
2882 creatures vanquished.

Vanquished Creatures (collateral kills)
  A fenstrider witch (Swamp:4)
  A curse skull (Pan)
  A shadow wraith (Pan)
  A shadow demon (Pan)
  An apocalypse crab (Abyss:4)
  A raiju (Abyss:4)
  A spatial vortex (Abyss:4)
  A hell hound (Abyss:4)
8 creatures vanquished.

Vanquished Creatures (others)
  2 sphinxes
  A deep elf elementalist (Elf:3)
  2 ironbound preservers
  An ironbound thunderhulk (Vaults:1)
  A stone giant (Orc:1)
  A deep elf death mage (Vaults:5)
  8 great orbs of eyes
  A vault guard (Vaults:4)
  A deep elf high priest (Vaults:5)
  A boulder beetle (Vaults:3)
  An ice dragon (shapeshifter) (Vaults:5)
  An anaconda (shapeshifter) (Abyss:4)
  A tengu warrior (D:14)
  2 eyes of devastation
  A deep elf knight (Elf:2)
  14 glowing orange brains
  An orb spider (shapeshifter) (Abyss:4)
  A spriggan druid (Swamp:4)
  A swamp dragon (shapeshifter) (Vaults:2)
  2 lindwurms
  3 wizards
  3 oklob plants (D:13)
  3 ironbound convokers
  3 deep elf pyromancers
  2 deep elf zephyrmancers (Elf:3)
  2 shining eyes (Abyss:3)
  A manticore (shapeshifter) (Vaults:5)
  4 large abominations
  An elephant (shapeshifter) (Depths:4)
  A black mamba (shapeshifter) (Vaults:5)
  3 vault sentinels
  2 eyes of devastation (shapeshifter)
  An efreet (Abyss:4)
  3 bloated husks
  A slime creature (shapeshifter) (Vaults:3)
  23 slime creatures
  A flying skull (Abyss:3)
  A water elemental (Elf:3)
  A fire dragon skeleton (Crypt:3)
  23 golden eyes
  A yak (D:9)
  A golden eye (shapeshifter) (Vaults:5)
  A redback (Vaults:1)
  A basilisk (Lair:6)
  3 chaos spawn
  2 neqoxecs (Abyss:3)
  A redback (shapeshifter) (Vaults:3)
  An elf skeleton (Vaults:4)
  A swamp worm (Swamp:1)
  An acid dragon (shapeshifter) (Abyss:4)
  A swamp worm (shapeshifter) (Abyss:4)
  2 water moccasins
  A floating eye (shapeshifter) (Abyss:4)
  A two-headed ogre skeleton (Crypt:2)
  A swamp drake (Swamp:2)
  3 floating eyes
  A sky beast (D:8)
  An orc warrior (Orc:2)
  10 small abominations (Abyss:3)
  An ogre (D:5)
  A necrophage (D:8)
  A bullfrog (Lair:5)
  A howler monkey (shapeshifter) (D:15)
  A quasit (Abyss:4)
  A starcursed mass (Abyss:4)
  323 jellies
  A hound (D:4)
  An iguana (D:7)
  2 orc priests
  4 orc wizards
  A killer bee zombie (D:8)
  An ogre zombie (Crypt:2)
  A hound zombie (D:5)
  An adder (D:3)
  2 ufetubi
  An adder skeleton (D:5)
  7 orcs
  A kobold (D:3)
  3 bushes (D:13)
  A butterfly (Lair:4)
  6 demonic plants (Abyss:3)
  25 foxfires
  105 fungi
  4 lurking horrors
  135 plants
  43 starspawn tentacles
834 creatures vanquished.

Grand Total: 3724 creatures vanquished

Notes
Turn   | Place    | Note
-------+----------+-------------------------------------------
     0 | D:1      | crawlogic the Deep Dwarf Fighter began the quest for the
                  | Orb.
     0 | D:1      | Reached XP level 1. HP: 20/20 MP: 1/1
   248 | D:1      | Reached XP level 2. HP: 27/27 MP: 2/2
   873 | D:2      | Reached XP level 3. HP: 23/33 MP: 3/3
  1246 | D:3      | Noticed Robin
  1300 | D:3      | Killed Robin
  1301 | D:3      | Reached XP level 4. HP: 16/40 MP: 4/4
  1382 | D:3      | You fall into a shaft and drop 1 floor!
  1388 | D:3      | Reached skill level 5 in Axes
  1402 | D:3      | Found a faded altar of an unknown god.
  1415 | D:3      | Prayed at the altar of an unknown god.
  1415 | D:3      | Became a worshipper of Jiyva Jelemili the Shapeless
  1415 | D:3      | Reached * piety under Jiyva
  1905 | D:4      | Reached XP level 5. HP: 45/46 MP: 5/5
  1986 | D:4      | Noticed a phantom
  2000 | D:4      | Killed a phantom
  2057 | D:4      | Reached ** piety under Jiyva
  2416 | D:4      | Reached XP level 6. HP: 55/55 MP: 6/6
  2579 | D:5      | Entered Level 5 of the Dungeon
  2593 | D:5      | Identified the amulet of Benevolence {RegenMP -Tele rN++
                  | Str+2}
  2648 | D:5      | Noticed an ice beast
  2657 | D:5      | Killed an ice beast
  2756 | D:5      | Found a staircase to the Ecumenical Temple.
  3195 | D:6      | Reached *** piety under Jiyva
  3367 | D:6      | Reached XP level 7. HP: 32/61 MP: 7/7
  3463 | D:6      | Gained mutation: Your spells are a little harder to cast,
                  | but a little more powerful. [Jiyva's grace]
  3463 | D:6      | Gained mutation: Your spells are harder to cast, but more
                  | powerful. [Jiyva's grace]
  3463 | D:6      | Gained mutation: Your spells are much harder to cast, but
                  | much more powerful. [Jiyva's grace]
  3463 | D:6      | Gained mutation: You possess an exceptional clarity of
                  | mind. [Jiyva's grace]
  3708 | D:6      | Noticed a steam dragon
  3713 | D:6      | Reached skill level 10 in Axes
  3720 | D:6      | Killed a steam dragon
  3721 | D:6      | Reached XP level 8. HP: 61/68 MP: 8/8
  3804 | D:7      | Noticed a five-headed hydra
  3939 | D:6      | Killed a six-headed hydra
  4044 | D:7      | Identified the +5 rapier "Fiadduen" {vorpal, Str+2}
  4105 | D:7      | Found Ehugh's Antique Weapon Boutique.
  4116 | D:7      | Bought a runed broad axe for 189 gold pieces
  4562 | D:8      | Noticed Joseph
  4581 | D:8      | Killed Joseph
  4582 | D:8      | Gained mutation: You passively map the area around you.
                  | [Deep Dwarf growth]
  4582 | D:8      | Reached XP level 9. HP: 28/74 MP: 9/9
  4908 | D:8      | Reached **** piety under Jiyva
  5380 | D:9      | Lost mutation: Your spells are much harder to cast, but
                  | much more powerful. [Jiyva's grace]
  5380 | D:9      | Lost mutation: Your spells are harder to cast, but more
                  | powerful. [Jiyva's grace]
  5380 | D:9      | Gained mutation: You have a small jelly attached to you
                  | that may absorb projectiles. [Jiyva's grace]
  5380 | D:9      | Gained mutation: You have large cloven feet. [Jiyva's
                  | grace]
  5380 | D:9      | Gained mutation: You have hoof-like feet. [Jiyva's grace]
  5380 | D:9      | Gained mutation: You have hooves in place of feet. [Jiyva's
                  | grace]
  5436 | D:9      | Noticed a two-headed ogre
  5443 | D:9      | Reached skill level 15 in Axes
  5448 | D:9      | Slimified a two-headed ogre
  5448 | D:9      | a two-headed ogre changed into a slime creature
  5528 | D:9      | Reached XP level 10. HP: 66/81 MP: 10/10
  5569 | D:9      | Found a bloodstained altar of Trog.
  5588 | D:9      | Found a staircase to the Orcish Mines.
  5884 | D:10     | Entered Level 10 of the Dungeon
  6069 | D:10     | Noticed a two-headed ogre
  6078 | D:10     | Killed a two-headed ogre
  6306 | D:10     | Lost mutation: You have hooves in place of feet. [Jiyva's
                  | grace]
  6306 | D:10     | Lost mutation: You have hoof-like feet. [Jiyva's grace]
  6306 | D:10     | Lost mutation: You possess an exceptional clarity of mind.
                  | [Jiyva's grace]
  6306 | D:10     | Gained mutation: Your flesh is cold resistant. (rC+)
                  | [Jiyva's grace]
  6306 | D:10     | Gained mutation: Your flesh is very cold resistant. (rC++)
                  | [Jiyva's grace]
  6306 | D:10     | Gained mutation: Your flesh is almost immune to the effects
                  | of cold. (rC+++) [Jiyva's grace]
  6306 | D:10     | Gained mutation: A frigid envelope surrounds you and
                  | freezes all who hurt you. [Jiyva's grace]
  6382 | D:10     | Reached ***** piety under Jiyva
  6579 | D:10     | Found a staircase to the Lair.
  6587 | D:10     | Identified a scroll of acquirement
  6700 | D:11     | Reached XP level 11. HP: 87/88 MP: 11/11
  6717 | D:11     | Reached skill level 1 in Dodging
  6740 | D:11     | Noticed a boulder beetle
  6741 | D:11     | Noticed a centaur warrior
  6755 | D:11     | Killed a centaur warrior
  6765 | D:11     | Killed a boulder beetle
  6840 | D:11     | Noticed a two-headed ogre
  6844 | D:11     | Killed a two-headed ogre
  6845 | D:11     | Reached skill level 5 in Armour
  6845 | D:11     | Reached skill level 5 in Shields
  6992 | D:11     | Noticed Erolcha
  6998 | D:11     | Killed Erolcha
  7398 | Lair:1   | Entered Level 1 of the Lair of Beasts
  7740 | Lair:1   | Reached skill level 5 in Fighting
  7742 | Lair:1   | Reached skill level 5 in Dodging
  7825 | Lair:1   | Noticed an eight-headed hydra
  7833 | Lair:1   | Killed a four-headed hydra
  7937 | Lair:1   | Reached XP level 12. HP: 86/103 MP: 12/12
  8683 | Lair:2   | Found a staircase to the Snake Pit.
  8782 | Lair:2   | Lost mutation: Your flesh is almost immune to the effects
                  | of cold. (rC+++) [Jiyva's grace]
  8782 | Lair:2   | Lost mutation: Your flesh is very cold resistant. (rC++)
                  | [Jiyva's grace]
  8782 | Lair:2   | Lost mutation: A frigid envelope surrounds you and freezes
                  | all who hurt you. [Jiyva's grace]
  8782 | Lair:2   | Gained mutation: Your body has grown eyes which may confuse
                  | attackers. (Acc +3) [Jiyva's grace]
  8782 | Lair:2   | Gained mutation: Your body has grown many eyes which may
                  | confuse attackers. (Acc +5) [Jiyva's grace]
  8782 | Lair:2   | Gained mutation: Your body is covered in eyes which may
                  | confuse attackers. (Acc +7, SInv) [Jiyva's grace]
  8782 | Lair:2   | Gained mutation: Your flesh is heat resistant. (rF+)
                  | [Jiyva's grace]
  8869 | Lair:2   | Noticed Fannar
  8880 | Lair:2   | Killed Fannar
  8924 | Lair:2   | Reached ****** piety under Jiyva
 10028 | Lair:3   | Noticed Gastronok
 10029 | Lair:3   | Found a staircase to the Swamp.
 10058 | Lair:3   | Killed Gastronok
 10212 | Lair:3   | Noticed a boulder beetle
 10238 | Lair:3   | Killed a boulder beetle
 10239 | Lair:3   | Reached XP level 13. HP: 115/115 MP: 13/13
 10950 | Lair:4   | Reached skill level 10 in Armour
 10950 | Lair:4   | Reached skill level 10 in Shields
 11059 | Lair:4   | Lost mutation: You have large cloven feet. [Jiyva's grace]
 11059 | Lair:4   | Lost mutation: Your spells are a little harder to cast, but
                  | a little more powerful. [Jiyva's grace]
 11059 | Lair:4   | Lost mutation: You have a small jelly attached to you that
                  | may absorb projectiles. [Jiyva's grace]
 11059 | Lair:4   | Gained mutation: You are resistant to electric shocks.
                  | (rElec) [Jiyva's grace]
 11059 | Lair:4   | Gained mutation: Your spells are a little harder to cast,
                  | but a little more powerful. [Jiyva's grace]
 11059 | Lair:4   | Gained mutation: Your spells are harder to cast, but more
                  | powerful. [Jiyva's grace]
 11059 | Lair:4   | Gained mutation: Your spells are much harder to cast, but
                  | much more powerful. [Jiyva's grace]
 12411 | Lair:5   | Reached skill level 10 in Dodging
 12480 | Lair:5   | Reached skill level 1 in Evocations
 12480 | Lair:5   | Gained mutation: You resist negative energy. (rN+) [Deep
                  | Dwarf growth]
 12480 | Lair:5   | Reached XP level 14. HP: 117/127 MP: 14/14
 12699 | Lair:5   | Found a viscous altar of Jiyva.
 12699 | Lair:5   | Found a staircase to the Slime Pits.
 13071 | Lair:6   | Entered Level 6 of the Lair of Beasts
 13360 | Lair:6   | Reached skill level 5 in Evocations
 13599 | Lair:6   | Found a snail-covered altar of Cheibriados.
 13814 | Lair:6   | Reached skill level 10 in Fighting
 13860 | Lair:6   | Found a burning altar of Makhleb.
 13899 | Lair:6   | Found a gateway to Hell.
 13899 | Lair:6   | Found the +3 salamander hide armour {Flames rF++ rC--}
 13939 | Lair:6   | Lost mutation: Your spells are much harder to cast, but
                  | much more powerful. [Jiyva's grace]
 13939 | Lair:6   | Lost mutation: Your spells are harder to cast, but more
                  | powerful. [Jiyva's grace]
 13939 | Lair:6   | Gained mutation: You are covered in slimy tendrils that may
                  | disarm your opponents. [Jiyva's grace]
 13939 | Lair:6   | Gained mutation: You are robust. (+10% HP) [Jiyva's grace]
 13939 | Lair:6   | Gained mutation: You are very robust. (+20% HP) [Jiyva's
                  | grace]
 13939 | Lair:6   | Gained mutation: You are extremely robust. (+30% HP)
                  | [Jiyva's grace]
 14212 | D:12     | Noticed BraveToast's ghost (journeyman FoFi)
 14224 | D:12     | Noticed a cyan very ugly thing
 14252 | D:12     | Found a transporter.
 14253 | D:12     | Found a one-way gate to the infinite horrors of the Abyss.
 14275 | D:12     | Found a transporter.
 14328 | D:12     | Found a gate leading to a gauntlet.
 14355 | Gauntlet | Entered a Gauntlet
 14355 | Gauntlet | Found a transporter.
 14365 | Gauntlet | Found a transporter.
 14380 | Gauntlet | Found a transporter.
 14382 | Gauntlet | Found a large runed translucent door.
 14383 | Gauntlet | Found a large runed translucent door.
 14384 | Gauntlet | Found a large runed translucent door.
 14384 | Gauntlet | Found a large runed translucent door.
 14385 | Gauntlet | Found a runed translucent door.
 14385 | Gauntlet | Found a large runed translucent door.
 14386 | Gauntlet | Found a transporter.
 14387 | Gauntlet | Found a runed translucent door.
 14388 | Gauntlet | Found a large runed translucent door.
 14388 | Gauntlet | Found a large runed translucent door.
 14388 | Gauntlet | Found a large runed translucent door.
 14389 | Gauntlet | Found a large runed translucent door.
 14390 | Gauntlet | Found a large runed translucent door.
 14395 | Gauntlet | Found a large runed translucent door.
 14395 | Gauntlet | Found a large runed translucent door.
 14396 | Gauntlet | Found a large runed translucent door.
 14396 | Gauntlet | Found a large runed translucent door.
 14396 | Gauntlet | Found a large runed translucent door.
 14396 | Gauntlet | Found a large runed translucent door.
 14399 | Gauntlet | Found a runed translucent gate.
 14399 | Gauntlet | Found a runed translucent gate.
 14399 | Gauntlet | Found a runed translucent gate.
 14401 | Gauntlet | Found a transporter.
 14420 | Gauntlet | Found a transporter.
 14431 | Gauntlet | Noticed a reaper
 14432 | Gauntlet | Found a transporter.
 14444 | Gauntlet | Found a transporter.
 14456 | Gauntlet | Found a transporter.
 14462 | Gauntlet | Found a transporter.
 14462 | Gauntlet | Found a transporter.
 14464 | Gauntlet | Found a transporter.
 14487 | Gauntlet | Found a transporter.
 14504 | Gauntlet | Found a transporter.
 14523 | Gauntlet | Found a transporter.
 14551 | Gauntlet | Found a transporter.
 14579 | Gauntlet | Found a transporter.
 14597 | Gauntlet | Found a transporter.
 14653 | Gauntlet | Reached XP level 15. HP: 175/179 MP: 15/15
 14771 | Gauntlet | Identified the +2 helmet "Tihuuddo" {Slay+3}
 14834 | Gauntlet | Got the Catalogue of Torrid Envenoming
 14965 | D:12     | Noticed Nessos
 14974 | D:12     | Killed Nessos
 14991 | D:12     | Found Usuezete's Assorted Antiques.
 15294 | D:12     | Killed BraveToast's ghost
 15515 | Orc:1    | Entered Level 1 of the Orcish Mines
 15515 | Orc:1    | Found a runed translucent gate.
 15515 | Orc:1    | Found a runed translucent gate.
 15515 | Orc:1    | Found a runed translucent gate.
 15656 | Orc:1    | Identified the +6 broad axe of Currency {distort, rF- rC+
                  | Int+2}
 15656 | Orc:1    | Identified the +1 chain mail of the Hot Ocelot {Harm Str-3
                  | Stlth+}
 15658 | Orc:1    | Noticed Xelitey Juot's ghost (novice MiFi)
 15733 | Orc:1    | Found an iron altar of Okawaru.
 15751 | Orc:1    | Killed Xelitey Juot's ghost
 15812 | Orc:2    | Entered Level 2 of the Orcish Mines
 16093 | Orc:2    | Lost mutation: Your flesh is cold resistant. (rC+) [Jiyva's
                  | grace]
 16093 | Orc:2    | Lost mutation: Your flesh is heat resistant. (rF+) [Jiyva's
                  | grace]
 16093 | Orc:2    | Gained mutation: Your rubbery body absorbs attacks. (AC +1,
                  | EV +1) [Jiyva's grace]
 16093 | Orc:2    | Gained mutation: Your pliable body absorbs attacks. (AC +2,
                  | EV +2) [Jiyva's grace]
 16093 | Orc:2    | Gained mutation: Your gelatinous body deflects attacks. (AC
                  | +3, EV +3) [Jiyva's grace]
 16093 | Orc:2    | Gained mutation: Your spells are harder to cast, but more
                  | powerful. [Jiyva's grace]
 16127 | Orc:2    | Noticed Josephine
 16139 | Orc:2    | Killed Josephine
 16206 | Orc:2    | Found a staircase to the Elven Halls.
 16295 | Orc:2    | Noticed an orc warlord
 16314 | Orc:2    | Killed an orc warlord
 16405 | Orc:2    | Found Suakabb's Jewellery Shop.
 16411 | Orc:2    | Found Miashruco's Magic Scroll Shoppe.
 16448 | Orc:2    | Bought 2 scrolls of identify for 56 gold pieces
 16492 | Orc:2    | Noticed an orc warlord
 16511 | Orc:2    | Killed an orc warlord
 16601 | Orc:1    | You fall into a shaft and drop 1 floor!
 16745 | Orc:2    | Found Mulock's Book Shoppe.
 16745 | Orc:2    | Found Jyecae's Magic Scroll Shop.
 16766 | Orc:2    | Bought a scroll of identify for 32 gold pieces
 17461 | D:13     | Reached skill level 1 in Stealth
 17674 | D:14     | Identified the +10 broad axe of Ylu Vyli {vorpal, Dex+2}
 17698 | D:14     | Identified the amulet of Gisy {Spirit Slay+3}
 17725 | D:14     | Lost mutation: You are extremely robust. (+30% HP) [Jiyva's
                  | grace]
 17725 | D:14     | Lost mutation: Your spells are harder to cast, but more
                  | powerful. [Jiyva's grace]
 17725 | D:14     | Lost mutation: Your body is covered in eyes which may
                  | confuse attackers. (Acc +7, SInv) [Jiyva's grace]
 17725 | D:14     | Lost mutation: Your body has grown many eyes which may
                  | confuse attackers. (Acc +5) [Jiyva's grace]
 17725 | D:14     | Lost mutation: Your gelatinous body deflects attacks. (AC
                  | +3, EV +3) [Jiyva's grace]
 17725 | D:14     | Gained mutation: You have a small jelly attached to you
                  | that may absorb projectiles. [Jiyva's grace]
 17725 | D:14     | Gained mutation: Armour fits poorly on your pseudopods.
                  | [Jiyva's grace]
 17725 | D:14     | Gained mutation: Armour fits poorly on your large
                  | pseudopods. [Jiyva's grace]
 17725 | D:14     | Gained mutation: Armour fits poorly on your massive
                  | pseudopods. [Jiyva's grace]
 17935 | D:14     | Reached XP level 16. HP: 180/180 MP: 16/16
 17975 | D:14     | Found a gate to the Vaults.
 18214 | D:15     | Entered Level 15 of the Dungeon
 18226 | D:15     | Reached skill level 10 in Evocations
 18455 | D:15     | Found a staircase to the Depths.
 18504 | D:15     | Paralysed by something for 7 turns
 18722 | D:15     | Found a white marble altar of Elyvilon.
 18725 | D:15     | Found a glowing golden altar of the Shining One.
 18727 | D:15     | Found a glowing silver altar of Zin.
 19241 | Swamp:1  | Entered Level 1 of the Swamp
 20010 | Swamp:2  | Lost mutation: You are very robust. (+20% HP) [Jiyva's
                  | grace]
 20010 | Swamp:2  | Lost mutation: Your pliable body absorbs attacks. (AC +2,
                  | EV +2) [Jiyva's grace]
 20010 | Swamp:2  | Lost mutation: You are covered in slimy tendrils that may
                  | disarm your opponents. [Jiyva's grace]
 20010 | Swamp:2  | Lost mutation: You have a small jelly attached to you that
                  | may absorb projectiles. [Jiyva's grace]
 20010 | Swamp:2  | Gained mutation: You passively map a large area around you.
                  | [Jiyva's grace]
 20010 | Swamp:2  | Gained mutation: You are partially covered in iridescent
                  | scales. (AC +2) [Jiyva's grace]
 20010 | Swamp:2  | Gained mutation: You are mostly covered in iridescent
                  | scales. (AC +4) [Jiyva's grace]
 20010 | Swamp:2  | Gained mutation: You are completely covered in iridescent
                  | scales. (AC +6) [Jiyva's grace]
 20091 | Swamp:2  | Noticed Nikola
 20096 | Swamp:2  | Noticed a thorn hunter
 20115 | Swamp:2  | Killed a thorn hunter
 20121 | Swamp:2  | Killed Nikola
 20764 | Swamp:3  | Reached XP level 17. HP: 174/174 MP: 16/16
 21205 | Swamp:4  | Entered Level 4 of the Swamp
 21319 | Swamp:4  | Noticed Bai Suzhen
 21342 | Swamp:4  | Killed Bai Suzhen
 21389 | Swamp:4  | Reached skill level 15 in Armour
 21394 | Swamp:4  | Gained mutation: You sometimes lose the ability to read
                  | scrolls when taking damage. [a neqoxec]
 21404 | Swamp:4  | Reached skill level 15 in Shields
 21422 | Swamp:4  | Noticed a tentacled monstrosity
 21436 | Swamp:4  | Killed a tentacled monstrosity
 21463 | Swamp:4  | Paralysed by a fenstrider witch for 5 turns
 21547 | Swamp:4  | Noticed Kirke
 21569 | Swamp:4  | Killed Kirke
 21594 | Swamp:4  | Lost mutation: You are resistant to electric shocks.
                  | (rElec) [Jiyva's grace]
 21594 | Swamp:4  | Lost mutation: Your spells are a little harder to cast, but
                  | a little more powerful. [Jiyva's grace]
 21594 | Swamp:4  | Lost mutation: You sometimes lose the ability to read
                  | scrolls when taking damage. [Jiyva's grace]
 21594 | Swamp:4  | Gained mutation: You have a pair of small antennae on your
                  | head. [Jiyva's grace]
 21594 | Swamp:4  | Gained mutation: You have a pair of antennae on your head.
                  | [Jiyva's grace]
 21594 | Swamp:4  | Gained mutation: You have a pair of large antennae on your
                  | head. (SInv) [Jiyva's grace]
 21594 | Swamp:4  | Gained mutation: Your pliable body absorbs attacks. (AC +2,
                  | EV +2) [Jiyva's grace]
 21873 | Swamp:4  | Reached skill level 15 in Dodging
 21878 | Swamp:4  | Got a decaying rune of Zot
 21974 | Swamp:4  | Acquired a manual of Axes
 21976 | Swamp:4  | Acquired a manual of Armour
 22091 | Snake:1  | Entered Level 1 of the Snake Pit
 22170 | Snake:1  | Found Tenila's Antique Armour Shoppe.
 22175 | Snake:1  | Found Suebbe's Distillery.
 22180 | Snake:1  | Bought a pair of runed gloves for 217 gold pieces
 22521 | Snake:1  | Found a frozen archway.
 22531 | IceCv    | Entered an ice cave
 22806 | IceCv    | Mutation became permanent: You passively map the area
                  | around you. [Deep Dwarf growth]
 22806 | IceCv    | Gained mutation: You passively map a large area around you.
                  | [Deep Dwarf growth]
 22806 | IceCv    | Reached XP level 18. HP: 141/188 MP: 17/17
 23356 | Snake:1  | You fall into a shaft and drop 1 floor!
 24059 | Snake:2  | Gained mutation: You have acidic saliva. [Jiyva's grace]
 24059 | Snake:2  | Gained mutation: You are partially covered in large bone
                  | plates. (SH +4) [Jiyva's grace]
 24059 | Snake:2  | Gained mutation: You are mostly covered in large bone
                  | plates. (SH +6) [Jiyva's grace]
 24059 | Snake:2  | Gained mutation: You are completely covered in large bone
                  | plates. (SH +8) [Jiyva's grace]
 24374 | Snake:3  | Found Axaf's Gadget Gallery.
 25070 | Snake:4  | Entered Level 4 of the Snake Pit
 25301 | Snake:4  | Noticed Vashnia
 25326 | Snake:4  | Killed Vashnia
 26079 | Snake:4  | Reached XP level 19. HP: 168/200 MP: 18/18
 26080 | Snake:4  | Got a serpentine rune of Zot
 26166 | Snake:4  | Lost mutation: You are completely covered in large bone
                  | plates. (SH +8) [Jiyva's grace]
 26166 | Snake:4  | Lost mutation: You are mostly covered in large bone plates.
                  | (SH +6) [Jiyva's grace]
 26166 | Snake:4  | Lost mutation: You are partially covered in large bone
                  | plates. (SH +4) [Jiyva's grace]
 26166 | Snake:4  | Lost mutation: Your pliable body absorbs attacks. (AC +2,
                  | EV +2) [Jiyva's grace]
 26166 | Snake:4  | Lost mutation: Your rubbery body absorbs attacks. (AC +1,
                  | EV +1) [Jiyva's grace]
 26166 | Snake:4  | Gained mutation: You have large cloven feet. [Jiyva's
                  | grace]
 26166 | Snake:4  | Gained mutation: You have hoof-like feet. [Jiyva's grace]
 26166 | Snake:4  | Gained mutation: You have hooves in place of feet. [Jiyva's
                  | grace]
 26166 | Snake:4  | Gained mutation: You possess an exceptional clarity of
                  | mind. [Jiyva's grace]
 26494 | Slime:1  | Entered Level 1 of the Pits of Slime
 26993 | Slime:3  | Noticed Dissolution
 27527 | Slime:5  | Entered Level 5 of the Pits of Slime
 27548 | Slime:5  | Found a viscous altar of Jiyva.
 27556 | Slime:5  | Identified the amulet "Ytwizom" {Faith Int+8}
 27559 | Slime:5  | Got the Almanac of Supportive Ice
 27560 | Slime:5  | Identified the ring of Husesuw {*Slow rCorr Int+6}
 27566 | Slime:5  | Noticed the Royal Jelly
 27571 | Slime:5  | Got the Grimoire of the Lethal Arsonist
 27585 | Slime:5  | Identified the +3 great sword of Xiabluq {spect, rC+}
 27587 | Slime:5  | Got a slimy rune of Zot
 27588 | Slime:5  | Identified the +1 chain mail "Ocafukat" {-Tele Rampage
                  | Regen+}
 28187 | Elf:1    | Entered Level 1 of the Elven Halls
 28533 | Elf:1    | Identified the +2 spear of Gisis {drain, rPois Int+3 Dex+2}
 28598 | Elf:1    | Found a runed translucent gate.
 28598 | Elf:1    | Found a runed translucent gate.
 28598 | Elf:1    | Found a runed translucent gate.
 28598 | Elf:1    | Found a runed translucent gate.
 28598 | Elf:1    | Found a runed translucent gate.
 28600 | Elf:1    | Found a runed translucent gate.
 28611 | Elf:1    | Identified the +6 scale mail of Distant Worlds {Fly Dex+4}
 29091 | Elf:2    | Noticed Agnes
 29099 | Elf:2    | Killed Agnes
 29452 | Elf:2    | Found a runed translucent gate.
 29453 | Elf:2    | Found a runed translucent gate.
 29453 | Elf:2    | Found a runed translucent gate.
 29619 | Elf:2    | Lost mutation: You are completely covered in iridescent
                  | scales. (AC +6) [Jiyva's grace]
 29619 | Elf:2    | Lost mutation: You have acidic saliva. [Jiyva's grace]
 29619 | Elf:2    | Lost mutation: Armour fits poorly on your massive
                  | pseudopods. [Jiyva's grace]
 29619 | Elf:2    | Gained mutation: Your muscles are strong. (Str +2) [Jiyva's
                  | grace]
 29619 | Elf:2    | Gained mutation: Your muscles are very strong. (Str +4)
                  | [Jiyva's grace]
 29619 | Elf:2    | Gained mutation: Your rubbery body absorbs attacks. (AC +1,
                  | EV +1) [Jiyva's grace]
 29619 | Elf:2    | Gained mutation: Your pliable body absorbs attacks. (AC +2,
                  | EV +2) [Jiyva's grace]
 29918 | Elf:3    | Entered Level 3 of the Elven Halls
 30096 | Elf:3    | Paralysed by an air elemental for 1 turns
 30208 | Elf:3    | Reached skill level 15 in Fighting
 30391 | Elf:3    | Reached XP level 20. HP: 180/213 MP: 19/19
 30477 | Elf:3    | Identified the +4 falchion of Distraction {vorpal, rF+ rN+
                  | Will+ Dex+3}
 30520 | Elf:3    | Found the +8 demon blade "Leech" {vamp, Harm Drain rN+}
 30524 | Elf:3    | Identified the ring "Xiusest" {rElec rN+ rCorr}
 30579 | Elf:3    | Got the Grimoire of Dark Arts
 30580 | Elf:3    | Identified the ring "Laalen" {rC++ rCorr AC+4 Int-2 Stlth+}
 30594 | Elf:3    | Found the +7 Singing Sword {vorpal, sonic wave}
 30594 | Elf:3    | Found the +15 Maxwell's patent armour {-Cast -Tele rElec
                  | Will+ rCorr}
 30630 | Elf:3    | Identified the +9 shortbow of the Evil Eye {venom, +Blink
                  | rPois Str+4}
 31245 | Vaults:1 | Entered Level 1 of the Vaults
 31276 | Vaults:1 | Lost mutation: You have a pair of large antennae on your
                  | head. (SInv) [Jiyva's grace]
 31276 | Vaults:1 | Lost mutation: You have a pair of antennae on your head.
                  | [Jiyva's grace]
 31276 | Vaults:1 | Lost mutation: You have hooves in place of feet. [Jiyva's
                  | grace]
 31276 | Vaults:1 | Lost mutation: Armour fits poorly on your large pseudopods.
                  | [Jiyva's grace]
 31276 | Vaults:1 | Gained mutation: Your system is resistant to poisons.
                  | (rPois) [Jiyva's grace]
 31276 | Vaults:1 | Gained mutation: You have a small jelly attached to you
                  | that senses nearby items. [Jiyva's grace]
 31276 | Vaults:1 | Gained mutation: You are agile. (Dex +2) [Jiyva's grace]
 31276 | Vaults:1 | Gained mutation: You are very agile. (Dex +4) [Jiyva's
                  | grace]
 32122 | Vaults:2 | Found Ited's Magic Scroll Shop.
 32301 | Vaults:2 | Found a magical portal.
 32312 | WizLab   | Entered Alistair's Party Mansion
 32447 | WizLab   | Reached skill level 5 in Stealth
 32500 | WizLab   | Acquired the +2 pair of gloves of Bad Feelings {rC+ Str+8
                  | Dex-3}
 33022 | Vaults:2 | Reached XP level 21. HP: 219/224 MP: 20/20
 33080 | Vaults:2 | You fall into a shaft and drop 1 floor!
 33080 | Vaults:3 | Found a staircase to the Crypt.
 33273 | Vaults:3 | Lost mutation: You have hoof-like feet. [Jiyva's grace]
 33273 | Vaults:3 | Lost mutation: You are very agile. (Dex +4) [Jiyva's grace]
 33273 | Vaults:3 | Lost mutation: Your muscles are very strong. (Str +4)
                  | [Jiyva's grace]
 33273 | Vaults:3 | Lost mutation: Your muscles are strong. (Str +2) [Jiyva's
                  | grace]
 33273 | Vaults:3 | Lost mutation: Armour fits poorly on your pseudopods.
                  | [Jiyva's grace]
 33273 | Vaults:3 | Lost mutation: You have a small jelly attached to you that
                  | senses nearby items. [Jiyva's grace]
 33273 | Vaults:3 | Gained mutation: You have a beak for a mouth. [Jiyva's
                  | grace]
 33273 | Vaults:3 | Gained mutation: You are completely covered in iridescent
                  | scales. (AC +6) [Jiyva's grace]
 33273 | Vaults:3 | Gained mutation: A frigid envelope surrounds you and
                  | freezes all who hurt you. [Jiyva's grace]
 33273 | Vaults:3 | Gained mutation: You have sharp fingernails. [Jiyva's
                  | grace]
 33398 | Vaults:3 | Found a portal to a secret trove of treasure.
 33505 | Vaults:2 | Bought a scroll of identify for 24 gold pieces
 33505 | Vaults:2 | Bought a scroll of identify for 24 gold pieces
 33505 | Vaults:2 | Bought a scroll of identify for 24 gold pieces
 33505 | Vaults:2 | Bought a scroll of identify for 24 gold pieces
 34818 | Vaults:3 | Got the Grimoire of Lightness
 34832 | Vaults:3 | Identified the ring "Hainlodo" {Fire rElec rPois Int+4
                  | Stlth-}
 35217 | Vaults:3 | Lost mutation: You are completely covered in iridescent
                  | scales. (AC +6) [Jiyva's grace]
 35217 | Vaults:3 | Lost mutation: You possess an exceptional clarity of mind.
                  | [Jiyva's grace]
 35217 | Vaults:3 | Lost mutation: Your system is resistant to poisons. (rPois)
                  | [Jiyva's grace]
 35217 | Vaults:3 | Lost mutation: You are robust. (+10% HP) [Jiyva's grace]
 35217 | Vaults:3 | Lost mutation: Your body has grown eyes which may confuse
                  | attackers. (Acc +3) [Jiyva's grace]
 35217 | Vaults:3 | Gained mutation: Your movements are slightly less
                  | encumbered by armour. (ER -2) [Jiyva's grace]
 35217 | Vaults:3 | Gained mutation: Your movements are less encumbered by
                  | armour. (ER -4) [Jiyva's grace]
 35217 | Vaults:3 | Gained mutation: Your movements are significantly less
                  | encumbered by armour. (ER -6) [Jiyva's grace]
 35217 | Vaults:3 | Gained mutation: You are covered in slimy tendrils that may
                  | disarm your opponents. [Jiyva's grace]
 35511 | Vaults:4 | Reached XP level 22. HP: 216/216 MP: 21/21
 35635 | Vaults:4 | Found Niokh's Weapon Shop.
 35858 | Vaults:4 | Identified the +1 ring mail of Mevvimac {Dex+4 SInv}
 35951 | Vaults:4 | Found Gaissast's Magic Scroll Emporium.
 36096 | Vaults:4 | Found Uwisa's Weapon Emporium.
 36277 | Vaults:5 | Entered Level 5 of the Vaults
 36361 | Vaults:5 | Noticed a dread lich
 36387 | Vaults:5 | Noticed a golden dragon
 36390 | Vaults:5 | Killed a dread lich
 36405 | Vaults:5 | Killed a golden dragon
 36760 | Vaults:5 | Lost mutation: You have a pair of small antennae on your
                  | head. [Jiyva's grace]
 36760 | Vaults:5 | Lost mutation: You have large cloven feet. [Jiyva's grace]
 36760 | Vaults:5 | Lost mutation: You are agile. (Dex +2) [Jiyva's grace]
 36760 | Vaults:5 | Gained mutation: You are completely covered in iridescent
                  | scales. (AC +6) [Jiyva's grace]
 36760 | Vaults:5 | Gained mutation: You have a pair of small horns on your
                  | head. [Jiyva's grace]
 36760 | Vaults:5 | Gained mutation: You have a pair of horns on your head.
                  | [Jiyva's grace]
 36760 | Vaults:5 | Gained mutation: You have a pair of large horns on your
                  | head. [Jiyva's grace]
 36797 | Vaults:5 | Reached XP level 23. HP: 228/228 MP: 20/22
 36844 | Vaults:5 | Got a silver rune of Zot
 36877 | Vaults:5 | Got the Catalogue of Creative Transformation
 36995 | Vaults:5 | Found the +7 lajatang of Order {silver, rMut}
 37014 | Vaults:5 | Identified the +1 leather armour of Greater Demons {rC++}
 37018 | Vaults:5 | Noticed an ancient lich
 37029 | Vaults:5 | Killed an ancient lich
 37173 | Vaults:5 | Got the Reference Book on Evil
 37668 | Crypt:1  | Entered Level 1 of the Crypt
 37874 | Crypt:1  | Noticed Frederick
 37888 | Crypt:1  | Killed Frederick
 37917 | Crypt:1  | Lost mutation: You have a pair of large horns on your head.
                  | [Jiyva's grace]
 37917 | Crypt:1  | Lost mutation: A frigid envelope surrounds you and freezes
                  | all who hurt you. [Jiyva's grace]
 37917 | Crypt:1  | Lost mutation: Your pliable body absorbs attacks. (AC +2,
                  | EV +2) [Jiyva's grace]
 37917 | Crypt:1  | Lost mutation: Your movements are significantly less
                  | encumbered by armour. (ER -6) [Jiyva's grace]
 37917 | Crypt:1  | Gained mutation: Your muscles are strong. (Str +2) [Jiyva's
                  | grace]
 37917 | Crypt:1  | Gained mutation: Your muscles are very strong. (Str +4)
                  | [Jiyva's grace]
 37917 | Crypt:1  | Gained mutation: Your mind is acute. (Int +2) [Jiyva's
                  | grace]
 37917 | Crypt:1  | Gained mutation: Your mind is very acute. (Int +4) [Jiyva's
                  | grace]
 38284 | Crypt:1  | Noticed Donald
 38291 | Crypt:1  | Killed Donald
 38391 | Crypt:1  | Noticed Mennas
 38403 | Crypt:1  | Killed Mennas
 38800 | Crypt:2  | Noticed a royal mummy
 38811 | Crypt:2  | Killed a royal mummy
 38824 | Crypt:2  | Noticed a royal mummy
 38895 | Crypt:2  | Killed a royal mummy
 38897 | Crypt:2  | Noticed a royal mummy
 38899 | Crypt:2  | Found the +7 sceptre of Torment {pain, torment}
 38917 | Crypt:2  | Killed a royal mummy
 39056 | Crypt:2  | Noticed Xtahua
 39084 | Crypt:2  | Killed Xtahua
 39560 | Crypt:3  | Entered Level 3 of the Crypt
 39614 | Crypt:3  | Found a runed translucent door.
 39614 | Crypt:3  | Noticed Bunoc's ghost (veteran FoFi)
 39644 | Crypt:3  | Killed Bunoc's ghost
 39750 | Crypt:3  | Lost mutation: You have sharp fingernails. [Jiyva's grace]
 39750 | Crypt:3  | Lost mutation: You have a pair of horns on your head.
                  | [Jiyva's grace]
 39750 | Crypt:3  | Lost mutation: You are completely covered in iridescent
                  | scales. (AC +6) [Jiyva's grace]
 39750 | Crypt:3  | Lost mutation: You are mostly covered in iridescent scales.
                  | (AC +4) [Jiyva's grace]
 39750 | Crypt:3  | Lost mutation: Your movements are less encumbered by
                  | armour. (ER -4) [Jiyva's grace]
 39750 | Crypt:3  | Gained mutation: You have a small jelly attached to you
                  | that may absorb projectiles. [Jiyva's grace]
 39750 | Crypt:3  | Gained mutation: You are agile. (Dex +2) [Jiyva's grace]
 39750 | Crypt:3  | Gained mutation: You are very agile. (Dex +4) [Jiyva's
                  | grace]
 39750 | Crypt:3  | Gained mutation: Your flesh is heat resistant. (rF+)
                  | [Jiyva's grace]
 39951 | Crypt:3  | Identified the +7 mace of the Depths {drain, Str+3 Dex-2
                  | Stlth+}
 40076 | Crypt:3  | Found an ancient bone altar of Kikubaaqudgha.
 40105 | Crypt:3  | Noticed a dread lich
 40115 | Crypt:3  | Killed a dread lich
 40130 | Crypt:3  | Found the +2 shield of Resistance {rF++ rC++ Will++}
 40385 | Crypt:3  | Got the Incunabulum of Stolen Souls
 40415 | Crypt:3  | Reached XP level 24. HP: 238/238 MP: 22/22
 40838 | Crypt:3  | Found a staircase to the Tomb.
 40870 | Tomb:1   | Entered Level 1 of the Tomb of the Ancients
 41184 | Tomb:1   | Noticed Boris
 41194 | Tomb:1   | Killed Boris
 41397 | Tomb:1   | Noticed a royal mummy
 41434 | Tomb:1   | Killed a royal mummy
 41725 | Tomb:1   | Noticed a royal mummy
 41730 | Tomb:1   | Noticed a royal mummy
 41735 | Tomb:1   | Killed a royal mummy
 41740 | Tomb:1   | Slimified a royal mummy
 41740 | Tomb:1   | a royal mummy changed into an acid blob
 41876 | Tomb:1   | Got the Catalogue of Creative Flight
 42572 | Depths:1 | Entered Level 1 of the Depths
 42603 | Depths:1 | Found Quok's Antique Weapon Shoppe.
 42702 | Depths:1 | Lost mutation: You have a beak for a mouth. [Jiyva's grace]
 42702 | Depths:1 | Lost mutation: You have a pair of small horns on your head.
                  | [Jiyva's grace]
 42702 | Depths:1 | Lost mutation: You are very agile. (Dex +4) [Jiyva's grace]
 42702 | Depths:1 | Lost mutation: Your mind is very acute. (Int +4) [Jiyva's
                  | grace]
 42702 | Depths:1 | Lost mutation: You have a small jelly attached to you that
                  | may absorb projectiles. [Jiyva's grace]
 42702 | Depths:1 | Lost mutation: Your movements are slightly less encumbered
                  | by armour. (ER -2) [Jiyva's grace]
 42702 | Depths:1 | Gained mutation: You have a small jelly attached to you
                  | that may absorb projectiles. [Jiyva's grace]
 42702 | Depths:1 | Gained mutation: You have a pair of small antennae on your
                  | head. [Jiyva's grace]
 42702 | Depths:1 | Gained mutation: You have a pair of antennae on your head.
                  | [Jiyva's grace]
 42702 | Depths:1 | Gained mutation: You have a pair of large antennae on your
                  | head. (SInv) [Jiyva's grace]
 42792 | Depths:1 | Noticed Saint Roka
 42824 | Depths:1 | Killed Saint Roka
 42908 | Depths:1 | Found a bloodstained altar of Trog.
 43147 | Depths:1 | Found a one-way gate leading to the halls of Pandemonium.
 43152 | Depths:1 | Found Gitim's Jewellery Shoppe.
 43152 | Depths:1 | Found Amesorcho's Book Shop.
 43153 | Depths:1 | Found Xamidgh's Jewellery Shoppe.
 43161 | Depths:1 | Bought a manual of Shields for 1440 gold pieces
 43216 | Depths:1 | Found a shadowy altar of Dithmenos.
 43708 | Depths:2 | Found a one-way gateway to a ziggurat.
 44425 | Depths:2 | Reached XP level 25. HP: 250/252 MP: 22/22
 44459 | Depths:2 | Lost mutation: You are partially covered in iridescent
                  | scales. (AC +2) [Jiyva's grace]
 44459 | Depths:2 | Lost mutation: You are agile. (Dex +2) [Jiyva's grace]
 44459 | Depths:2 | Lost mutation: Your mind is acute. (Int +2) [Jiyva's grace]
 44459 | Depths:2 | Gained mutation: Your pliable body absorbs attacks. (AC +2,
                  | EV +2) [Jiyva's grace]
 44459 | Depths:2 | Gained mutation: Your gelatinous body deflects attacks. (AC
                  | +3, EV +3) [Jiyva's grace]
 44459 | Depths:2 | Gained mutation: You have hidden genetic potential.
                  | [Jiyva's grace]
 44459 | Depths:2 | Gained mutation: You have great hidden genetic potential.
                  | [Jiyva's grace]
 44784 | Depths:3 | Found a stormy altar of Qazlal.
 44966 | Depths:3 | Noticed Sojobo
 44995 | Depths:3 | Killed Sojobo
 45297 | Depths:3 | Noticed a juggernaut
 45313 | Depths:3 | Killed a juggernaut
 45868 | Depths:3 | Found a corrupted altar of Lugonu.
 45971 | Depths:4 | Entered Level 4 of the Depths
 46425 | Depths:4 | Noticed Boris
 46442 | Depths:4 | Killed Boris
 46514 | Depths:4 | Noticed the Enchantress
 46523 | Depths:4 | Killed the Enchantress
 46632 | Depths:4 | Lost mutation: Your muscles are very strong. (Str +4)
                  | [Jiyva's grace]
 46632 | Depths:4 | Lost mutation: Your gelatinous body deflects attacks. (AC
                  | +3, EV +3) [Jiyva's grace]
 46632 | Depths:4 | Gained mutation: You have a small jelly attached to you
                  | that senses nearby items. [Jiyva's grace]
 46632 | Depths:4 | Gained mutation: You have sharp fingernails. [Jiyva's
                  | grace]
 46632 | Depths:4 | Gained mutation: You have very sharp fingernails. [Jiyva's
                  | grace]
 46632 | Depths:4 | Gained mutation: You have claws for hands. [Jiyva's grace]
 46707 | Depths:4 | Found a hazy altar of Hepliaklqana.
 46758 | Depths:4 | Found a gate to the Realm of Zot.
 46781 | Depths:4 | Reached XP level 26. HP: 256/264 MP: 22/22
 46812 | Depths:4 | Got the Reference Book on Ensnaring Clay
 46928 | Depths:4 | Voluntarily entered the Abyss.
 47022 | Abyss:1  | Found a corrupted altar of Lugonu.
 47059 | Abyss:2  | Found a corrupted altar of Lugonu.
 47149 | Abyss:2  | Found a shimmering blue altar of Sif Muna.
 47360 | Abyss:2  | Found a candlelit altar of Ignis.
 48010 | Abyss:3  | Gained mutation: You tend to lose your temper in combat. [a
                  | cacodemon]
 48025 | Abyss:3  | Identified the ring of Roinybbi {Wiz rC+ Int+4 Stlth+}
 48285 | Abyss:3  | Gained mutation: You sometimes lose the ability to read
                  | scrolls when taking damage. [a neqoxec]
 49274 | Abyss:3  | Found a snail-covered altar of Cheibriados.
 49337 | Abyss:3  | Found a snail-covered altar of Cheibriados.
 49642 | Abyss:4  | Paralysed by accursed screaming for 1 turns
 49646 | Abyss:4  | Paralysed by accursed screaming for 1 turns
 49942 | Abyss:4  | Found a shadowy altar of Dithmenos.
 49946 | Abyss:4  | Found an ornate altar of the Wu Jian Council.
 49970 | Abyss:4  | Found a glowing golden altar of the Shining One.
 49970 | Abyss:4  | Found a snail-covered altar of Cheibriados.
 49970 | Abyss:4  | Found an iron altar of Okawaru.
 49970 | Abyss:4  | Found a glowing silver altar of Zin.
 49977 | Abyss:4  | Found a white marble altar of Elyvilon.
 49977 | Abyss:4  | Found a shimmering blue altar of Sif Muna.
 49977 | Abyss:4  | Found a sparkling altar of Nemelex Xobeh.
 49977 | Abyss:4  | Found an ancient bone altar of Kikubaaqudgha.
 49978 | Abyss:4  | Found a burning altar of Makhleb.
 49980 | Abyss:4  | Found a hide-covered altar of Uskayaw.
 49980 | Abyss:4  | Found a broken altar of Ashenzari.
 49980 | Abyss:4  | Found a bloodstained altar of Trog.
 49982 | Abyss:4  | Found a hazy altar of Hepliaklqana.
 49982 | Abyss:4  | Found a stormy altar of Qazlal.
 49982 | Abyss:4  | Found an opulent altar of Gozag.
 49982 | Abyss:4  | Found a radiant altar of Vehumet.
 49984 | Abyss:4  | Found a shimmering altar of Xom.
 49984 | Abyss:4  | Found a radiant altar of Vehumet.
 49984 | Abyss:4  | Found a blossoming altar of Fedhas.
 50075 | Abyss:4  | Gained mutation: Your body sometimes deteriorates upon
                  | taking damage. [a neqoxec]
 50076 | Abyss:4  | Gained mutation: Armour fits poorly on your strangely
                  | shaped body. [a neqoxec]
 50077 | Abyss:4  | Lost mutation: You have a pair of large antennae on your
                  | head. (SInv) [a neqoxec]
 50078 | Abyss:4  | Gained mutation: Your magical capacity is low. (-10% MP) [a
                  | neqoxec]
 50268 | Abyss:4  | Found a shadowy altar of Dithmenos.
 50269 | Abyss:4  | Found an ornate altar of the Wu Jian Council.
 50271 | Abyss:4  | Found a glowing golden altar of the Shining One.
 50271 | Abyss:4  | Found a snail-covered altar of Cheibriados.
 50271 | Abyss:4  | Found an iron altar of Okawaru.
 50271 | Abyss:4  | Found a glowing silver altar of Zin.
 50272 | Abyss:4  | Found a white marble altar of Elyvilon.
 50272 | Abyss:4  | Found a shimmering blue altar of Sif Muna.
 50272 | Abyss:4  | Found a sparkling altar of Nemelex Xobeh.
 50272 | Abyss:4  | Found an ancient bone altar of Kikubaaqudgha.
 50273 | Abyss:4  | Found a burning altar of Makhleb.
 50275 | Abyss:4  | Found a hide-covered altar of Uskayaw.
 50275 | Abyss:4  | Found a bloodstained altar of Trog.
 50275 | Abyss:4  | Found a broken altar of Ashenzari.
 50277 | Abyss:4  | Found a stormy altar of Qazlal.
 50277 | Abyss:4  | Found a hazy altar of Hepliaklqana.
 50277 | Abyss:4  | Found a radiant altar of Vehumet.
 50277 | Abyss:4  | Found an opulent altar of Gozag.
 50299 | Abyss:4  | Found a shimmering altar of Xom.
 50299 | Abyss:4  | Found a radiant altar of Vehumet.
 50299 | Abyss:4  | Found a blossoming altar of Fedhas.
 50464 | Abyss:4  | Found a glowing golden altar of the Shining One.
 50505 | Abyss:4  | Found an iron altar of Okawaru.
 50505 | Abyss:4  | Found a shadowy altar of Dithmenos.
 50505 | Abyss:4  | Found an ornate altar of the Wu Jian Council.
 50579 | Abyss:4  | Reached XP level 27. HP: 226/268 MP: 15/15
 50579 | Abyss:4  | Got an abyssal rune of Zot
 50716 | Depths:4 | Escaped the Abyss
 50717 | Depths:4 | Lost mutation: Your pliable body absorbs attacks. (AC +2,
                  | EV +2) [potion of mutation]
 50717 | Depths:4 | Lost mutation: Your muscles are strong. (Str +2) [potion of
                  | mutation]
 50717 | Depths:4 | Lost mutation: You have claws for hands. [potion of
                  | mutation]
 50717 | Depths:4 | Lost mutation: You have a small jelly attached to you that
                  | senses nearby items. [potion of mutation]
 50717 | Depths:4 | Gained mutation: You are strong-willed. (Will+) [potion of
                  | mutation]
 50718 | Depths:4 | Lost mutation: Your flesh is heat resistant. (rF+) [potion
                  | of mutation]
 50718 | Depths:4 | Lost mutation: You sometimes lose the ability to read
                  | scrolls when taking damage. [potion of mutation]
 50718 | Depths:4 | Lost mutation: You are strong-willed. (Will+) [potion of
                  | mutation]
 50718 | Depths:4 | Lost mutation: You are covered in slimy tendrils that may
                  | disarm your opponents. [potion of mutation]
 50718 | Depths:4 | Gained mutation: You have large cloven feet. [potion of
                  | mutation]
 50833 | Pan      | Entered Pandemonium
 50870 | Pan      | Gained mutation: A frigid envelope surrounds you and
                  | freezes all who hurt you. [hidden potential]
 50997 | Pan      | Gained mutation: Your magical capacity is very low. (-20%
                  | MP) [a cacodemon]
 51419 | Pan      | Lost mutation: You have very sharp fingernails. [potion of
                  | mutation]
 51419 | Pan      | Lost mutation: Your rubbery body absorbs attacks. (AC +1,
                  | EV +1) [potion of mutation]
 51419 | Pan      | Lost mutation: You have a small jelly attached to you that
                  | may absorb projectiles. [potion of mutation]
 51419 | Pan      | Lost mutation: Armour fits poorly on your strangely shaped
                  | body. [potion of mutation]
 51420 | Pan      | Lost mutation: You tend to lose your temper in combat.
                  | [potion of mutation]
 51420 | Pan      | Lost mutation: A frigid envelope surrounds you and freezes
                  | all who hurt you. [potion of mutation]
 51420 | Pan      | Gained mutation: Your body often deteriorates upon taking
                  | damage. [potion of mutation]
 51421 | Pan      | Lost mutation: You have a pair of antennae on your head.
                  | [potion of mutation]
 51421 | Pan      | Lost mutation: Your magical capacity is very low. (-20% MP)
                  | [potion of mutation]
 51421 | Pan      | Lost mutation: You have large cloven feet. [potion of
                  | mutation]
 51421 | Pan      | Gained mutation: You possess an exceptional clarity of
                  | mind. [potion of mutation]
 51421 | Pan      | Gained mutation: Your movements are slightly less
                  | encumbered by armour. (ER -2) [potion of mutation]
 51422 | Pan      | Lost mutation: Your movements are slightly less encumbered
                  | by armour. (ER -2) [potion of mutation]
 51422 | Pan      | Lost mutation: You possess an exceptional clarity of mind.
                  | [potion of mutation]
 51422 | Pan      | Lost mutation: Your body often deteriorates upon taking
                  | damage. [potion of mutation]
 51422 | Pan      | Gained mutation: You have sharp toenails. [potion of
                  | mutation]
 52050 | Pan      | Noticed Cuynis the pandemonium lord
 52082 | Pan      | Killed Cuynis the pandemonium lord
 52240 | Pan      | Entered the realm of Gloorx Vloq.
 52264 | Pan      | Lost mutation: You have a pair of small antennae on your
                  | head. [Jiyva's grace]
 52264 | Pan      | Lost mutation: You have sharp fingernails. [Jiyva's grace]
 52264 | Pan      | Lost mutation: You have great hidden genetic potential.
                  | [Jiyva's grace]
 52264 | Pan      | Lost mutation: You have hidden genetic potential. [Jiyva's
                  | grace]
 52264 | Pan      | Gained mutation: Your movements are slightly less
                  | encumbered by armour. (ER -2) [Jiyva's grace]
 52264 | Pan      | Gained mutation: Your movements are less encumbered by
                  | armour. (ER -4) [Jiyva's grace]
 52264 | Pan      | Gained mutation: Your movements are significantly less
                  | encumbered by armour. (ER -6) [Jiyva's grace]
 52264 | Pan      | Gained mutation: You expend magic power (3 MP) to
                  | strengthen your wands. [Jiyva's grace]
 53164 | Pan      | Noticed Gloorx Vloq
 53180 | Pan      | HP: 10/274 [Executioner[Gloorx Vloq] (13)]
 53184 | Pan      | Slain by an Executioner

Illustrated notes

Levels and vault maps discovered:
D:1:      wheals_arrival_shading, layout_basic
D:2:      layout_rooms, minivault_5, chequers_hall_statues_wall_a,
          roderic_filled_cross
D:3:      layout_basic, hellmonk_ecumenical_altar_blasted, serial_glass,
          glass_columns_a, glass_columns_b, minmay_misc_feat_columns, uniq_robin
D:4:      layout_basic, hangedman_abyss_or_decor_stabs
D:5:      layout_loops_ring, minmay_temple_entry_glass
D:6:      layout_basic
D:7:      layout_loops_ring, serial_shops, nicolae_shop_hallway_plus,
          amcnicky_mini_pool_small, minivault_1
D:8:      hellmonk_crumbling_castle, layout_basic, uniq_joseph
D:9:      layout_big_octagon, bloody_trog,
          kennysheep_orc_monster_closet_entryway, kennysheep_generic_room_14
D:10:     layout_gridville, lair_entry_dummy
D:11:     layout_gridville, minivault_8, uniq_erolcha
D:12:     layout_cave_pools, serial_shops, shop, gauntlet_entry_generic,
          gammafunk_ghost_abyssal_escape, uniq_nessos
D:13:     layout_long_grid, st_stairs_5, disabler_island
D:14:     layout_basic, grunt_vaults_entry_tiered, hangedman_decor_riveting,
          minmay_protected_statue
D:15:     grunt_enter_depths_hoard, layout_basic, good_gods_mini_temple,
          grunt_tough_drop
Lair:1:   layout_roguey
Lair:2:   layout_regular_city, dummy_snake_entry, uniq_fannar
Lair:3:   layout_loops_ring, minmay_swamp_entry_reptiles, lemuel_fruit_fields,
          uniq_gastronok
Lair:4:   cheibrodos_magma_flow, layout_concentric_octagons, grunt_megastairs_4,
          lemuel_fruit_fields, lemuel_fruit_tree
Lair:5:   layout_long_grid, dpeg_slime_entry_enclosed_altar, grunt_megastairs_5
Lair:6:   evil_forest, layout_long_grid, kennysheep_snail_temple,
          infiniplex_staircase_pool_2
Swamp:1:  layout_basic_swamp, evilmike_swamp_ruin_rubble_1
Swamp:2:  layout_basic_swamp, evilmike_swamp_ruin_house_6, swamp_pool2,
          uniq_nikola
Swamp:3:  layout_basic_swamp, hangedman_swamp_ruin_wall, swamp_pool1,
          nicolae_swamp_triple_paths
Swamp:4:  nzn_swamp_witches_coven, layout_basic_swamp, swamp_pool2,
          infiniplex_staircase_pool, uniq_kirke, uniq_bai_suzhen
Snake:1:  layout_gridlike, portal_ice_cave_entry_ugly_swarm, st_stairs_5,
          grunt_megastairs_3, minmay_shop_star
Snake:2:  layout_grid_shapes, nrook_guardian_serpent_ordinary
Snake:3:  layout_cave_town, nicolae_shop_gadgets
Snake:4:  grunt_snake_rune_spirals, layout_onion, st_stairs_7, uniq_vashnia
Slime:1:  layout_caves, nicolae_slime_barrier
Slime:2:  layout_caves
Slime:3:  layout_caves, dissolution_awaits
Slime:4:  layout_caves
Slime:5
Orc:1:    layout_caves, gammafunk_ghost_fury_of_okawaru
Orc:2:    st_orc_town, layout_caves, elf_legates, uniq_josephine
Elf:1:    minmay_elf_arrival_summoners, layout_geoelf_diagonals, orc_legates
Elf:2:    nicolae_elf_blades_crystal_corner, layout_loops_corners, uniq_agnes
Elf:3:    minmay_elf_hall, layout_gridlike, hangedman_elf_power_crystal,
          minivault_28
Vaults:1: st_more_cells, vaults_room_corners, nicolae_vaults_network_star,
          hangedman_vaults_hat, vaults_room_fours, nicolae_vaults_asterisk,
          ontoclasm_vaults_fault, vaults_room_grunt_arrival_ludios,
          grunt_vaults_funnel, ontoclasm_vaults_twist, vaults_room_semicircle,
          v_misc_8, nicolae_vaults_theta, layout_vaults_omnibox
Vaults:2: infiniplex_enter_wizlab_water, dpeg_vaults_monster_box,
          nicolae_vaults_network_s, v_alt_pattern_1, v_misc_33, st_lines,
          v_misc_10, nicolae_vaults_rhombus_5, ontoclasm_vaults_loading_screen,
          layout_vaults_omnicross, serial_shops, nicolae_shop_crystal
Vaults:3: v_misc_22, ontoclasm_vaults_misaligned, st_greater_box_3, v_misc_8,
          vaults_standard_mumra_enter_the_diamond,
          nicolae_vaults_border_crossing, v_misc_5, v_misc_18,
          nicolae_vaults_big_ls, vaults_room_hallway, ontoclasm_vaults_hangar,
          vaults_standard_mumra_x, minmay_crypt_entry_nasty_monster,
          grunt_vaults_hallway_short, v_alt_pattern_1, layout_vaults_maze,
          enter_trove_2
Vaults:4: ontoclasm_vaults_shuriken, v_rooms_3, hangedman_vaults_capsules,
          ontoclasm_vaults_chip, grunt_vaults_focal,
          nicolae_vaults_twisting_passages, vaults_mumra_hex, v_misc_27,
          nicolae_vaults_gold_heap, vaults_dpeg_hooks,
          nicolae_vaults_specimen_jars, vaults_room_pool, layout_vaults_ring,
          serial_shops, shop, shop, shop_statue
Vaults:5
Crypt:1:  layout_basic, grunt_crypt_arrival_split, uniq_donald, uniq_frederick,
          uniq_mennas
Crypt:2:  minmay_guarded_unrand_sceptre_of_torment, layout_gridlike,
          roderic_lattice_octagonal_star, uniq_xtahua
Crypt:3:  church_of_pain_bobbens, layout_chaotic_city,
          nicolae_tomb_entry_grand_gallery, hellmonk_ghost_happy_afterlife,
          grunt_ministairs_14
Tomb:1:   uniq_boris
Depths:1: layout_gridlike, nicolae_dithmenos_shadow_blocks, pan_entry,
          serial_shops, kennysheep_little_box, hellmouth_3,
          evilmike_spriggan_trog_shrine, minmay_shop_grove,
          serial_bayou_shore_a, uniq_saint_roka
Depths:2: grunt_deathspiral_large, layout_gridlike, enter_ziggurat_f,
          abyss_entry, dk_noncrumbling_3, rand_demon_pan_entry_7, hell_entry,
          hangedman_decor_points
Depths:3: angbandy_vault, layout_cave_shapes, grunt_hell_entry_dis_grunt,
          kennysheep_path_1, grunt_pan_entry_sceptre, abyss_entry_flame_altar,
          minmay_misc_feat_five, grunt_qazlal_clouds, uniq_sojobo
Depths:4: grunt_twist_and_shout, layout_cave_shapes, rand_demon_pan_entry_8,
          abyss_entry_glasseish, hell_entry, roderic_serpentine_path,
          nicolae_hepliaklqana_hippocampus, uniq_enchantress
Pan:      grunt_pan_pentagram, layout_chambers, evilmike_gloorx_vloq_box,
          layout_grid_shapes, nicolae_pan_cerebovesque_3

Skill      XL: |  1  2  3  4  5  6  7  8  9 10 11 12 13 14 15 16 17 18 19 20 21 22 23 24 25 26 27 |
---------------+----------------------------------------------------------------------------------+-----
Axes           | 3 4 5 7 8 10 13 15 18 20 21 22 23 | 23.0
Dodging        | 5 8 10 11 12 14 15 16 17 18 19 20 21 22 23 24 | 24.6
Fighting       | 5 7 8 10 11 12 13 14 15 16 17 18 19 20 21 | 21.4
Shields        | 6 8 10 12 13 14 15 16 17 18 19 20 21 23 25 26 | 26.1
Armour         | 6 8 10 12 13 14 16 17 19 20 21 22 23 24 25 26 | 26.3
Evocations     | 1 6 9 11 | 11.2
Stealth        | 1 6 |  6.6

Action                   |  1- 3 |  4- 6 |  7- 9 | 10-12 | 13-15 | 16-18 | 19-21 | 22-24 | 25-27 || total
-------------------------+-------+-------+-------+-------+-------+-------+-------+-------+-------++-------
Melee: War axe           |   102 |   118 |    55 |       |       |       |       |       |       ||   275
       Hand axe          |       |       |    30 |       |       |       |       |       |       ||    30
       Broad axe         |       |       |   116 |   368 |   942 |  1236 |  1138 |  1519 |  2499 ||  7818
       Kick              |       |       |     4 |    30 |       |       |   203 |       |       ||   237
       Pseudopods        |       |       |       |       |     3 |   319 |   224 |       |       ||   546
       Bite              |       |       |       |       |       |    39 |    20 |       |       ||    59
       Peck              |       |       |       |       |       |       |    98 |   351 |       ||   449
       Headbutt          |       |       |       |       |       |       |       |   228 |       ||   228
Invok: Oozemancy         |       |       |     3 |     4 |     8 |     9 |    11 |    13 |     8 ||    56
       Slimify           |       |       |     1 |       |     1 |     1 |       |     3 |     2 ||     8
 Abil: Heal Wounds       |       |       |       |       |       |     1 |     1 |       |     1 ||     3
Evoke: Wand              |       |       |       |       |       |       |       |     7 |       ||     7
  Use: Scroll            |       |       |       |     8 |     8 |     8 |    10 |     7 |     1 ||    42
       Potion            |       |       |       |       |       |     4 |     1 |     7 |    15 ||    27
 Stab: Confused          |       |       |       |    10 |    36 |    16 |    14 |       |       ||    76
       Sleeping          |       |       |       |       |       |       |     3 |    12 |     1 ||    16
       Distracted        |       |       |       |       |       |       |       |     5 |     2 ||     7
       Invisible         |       |       |       |       |       |       |       |       |     1 ||     1
Armor: Scale mail        |    70 |    64 |    67 |       |       |       |    49 |       |       ||   250
       Plate armour      |       |       |    15 |   136 |   248 |   433 |   273 |   505 |  1153 ||  2763
Dodge: Dodged            |    54 |    62 |    82 |    74 |   377 |   650 |   603 |   693 |  1294 ||  3889
Block: Buckler           |    37 |    25 |    43 |     3 |       |       |       |       |       ||   108
       Kite shield       |       |       |       |   126 |   436 |   885 |   717 |   933 |  2039 ||  5136
       Reflection        |       |       |       |       |    15 |    95 |    69 |    28 |       ||   207
